 Dungeon Crawl Stone Soup version 0.29.1-1-gd02db6906a (webtiles) character file.

Game seed: 12690387747460564481

105 Du3lingdragon the Slasher (level 4, -6/33 HPs)
             Began as a Merfolk Gladiator on Sept 29, 2022.
             Mangled by a phantom (7 damage)
             ... on level 5 of the Dungeon.
             The game lasted 00:07:23 (3120 turns).

Du3lingdragon the Slasher (Merfolk Gladiator)       Turns: 3120, Time: 00:07:23

Health: -6/33      AC:  4    Str: 14    XL:     4   Next: 81%
Magic:  4/4        EV: 13    Int:  7    God:
Gold:   91         SH:  5    Dex: 17    Spells: 3/3 levels left

rFire   + . .      SeeInvis .   k - +1 long sword
rCold   . . .      Faith    .   (no shield)
rNeg    . . .      Spirit   .   b - +0 leather armour
rPois   .          Reflect  +   c - +0 helmet
rElec   .          Harm     .   g - scarf {shadows}
rCorr   .          Rampage  .   (no gloves)
Will    .....                   (no boots)
Stlth   +.........              h - amulet of reflection
HPRegen 0.11/turn               m - ring of protection from fire
MPRegen 0.09/turn               (no ring)

@: brilliant
A: (nimble swimmer 2), mertail
a: no special abilities


You were on level 5 of the Dungeon.
You visited 1 branch of the dungeon, and saw 4 of its levels.

You collected 91 gold pieces.

Inventory:

Hand Weapons
 k - a +1 long sword (weapon)
Missiles
 e - a javelin (quivered)
Armour
 b - a +0 leather armour (worn)
 c - a +0 helmet (worn)
 g - a scarf of shadows (worn)
Jewellery
 h - an amulet of reflection (around neck)
 m - a ring of protection from fire (left hand)
Scrolls
 f - 2 scrolls of identify
Potions
 a - a potion of resistance
 j - a potion of curing


   Skills:
 - Level 2.1 Fighting
 + Level 6.5 Long Blades
 - Level 2.0 Throwing
 - Level 4.0 Dodging


You had 3 spell levels left.
You didn't know any spells.
Your spell library contained the following spells:

 Spells                   Type           Power      Damage    Failure   Level
 Portal Projectile        Hex/Tloc       0%         N/A       87%         3
 Tukima's Dance           Hex            0%         N/A       87%         3
 Blade Hands              Tmut           0%         N/A       100%        5


Dungeon Overview and Level Annotations

Branches:
Dungeon (5/15)
 Temple: D:4-7

Altars:

Annotations:
D:4 Grinder, Menkaure, Pikel


Innate Abilities, Weirdness & Mutations

((You are very nimble when in or above water. (Stealth+, EV+, Speed+++)))
Your lower body shifts to a powerful aquatic tail in water.


Message History

A lemure comes into view.
Pikel struggles against the net.
Menkaure blazes with dark energy!
Grinder blinks!
The lemure moves out of view.
A lemure comes into view.
The lemure shouts! x2; You hear a shout!
Pikel struggles against the net.
A lemure and an ufetubus come into view.
Found a stone staircase leading down.
The ufetubus shouts!
The lemure shouts!
Pikel waves his whip at you.
Pikel struggles against the net.
The lemure hits you.
* * * LOW HITPOINT WARNING * * *
A phantom comes into view.
Pikel struggles against the net.
The phantom moves out of view.
The lemure attacks as you move away! The lemure hits you but does no damage.
The ufetubus barely misses you. You block the ufetubus's attack.
The ufetubus barely misses you. You block the ufetubus's attack.
You slash the ufetubus!
You kill the ufetubus!
The phantom misses you. The lemure completely misses you.
The phantom attacks as you move away! The phantom barely misses you.
The lemure hits you.
* * * LOW HITPOINT WARNING * * *
The lemure barely misses you. The lemure attacks as you move away!
You block the lemure's attack. The phantom attacks as you move away!
The phantom hits you.
* * * LOW HITPOINT WARNING * * *
The phantom attacks as you move away! The phantom closely misses you.
The phantom attacks as you move away! The phantom hits you.
* * * LOW HITPOINT WARNING * * *
There is a stone staircase leading down here.
The phantom hits you but does no damage.
You climb downwards.
Found a peridot ring and a pink potion.
There is a stone staircase leading up here.
You hit the phantom.
The phantom is lightly damaged.
The phantom hits you!
You die...

.. ...
... ...
..###.#
...#.#
#...#
#..######
#.@......
#=.W.....
#..!.###.
.....#
#......
#.....##
#.....#


You could see a phantom.

Vanquished Creatures
  Terence (D:2)
  2 adders (D:2)
  An ufetubus (D:4)
  2 worms (D:2)
  A dart slug (D:1)
  An orc (D:2)
  7 ball pythons
  3 endoplasms
  3 giant cockroaches
  5 goblins
  8 jackals
  2 quokkas
  5 bats
  3 kobolds
  2 rats (D:1)
46 creatures vanquished.

Vanquished Creatures (others)
  4 toadstools (D:1)
4 creatures vanquished.

Grand Total: 50 creatures vanquished

Notes
Turn   | Place    | Note
-------+----------+-------------------------------------------
     0 | D:1      | Du3lingdragon the Merfolk Gladiator began the quest for the
                  | Orb.
     0 | D:1      | Reached XP level 1. HP: 16/16 MP: 1/1
   140 | D:1      | Reached skill level 4 in Long Blades
   454 | D:1      | Reached XP level 2. HP: 22/22 MP: 2/2
   652 | D:1      | Found a faded altar of an unknown god.
  1131 | D:1      | Reached XP level 3. HP: 27/27 MP: 3/3
  1140 | D:1      | Reached skill level 5 in Long Blades
  1318 | D:2      | Noticed Terence
  2168 | D:2      | Killed Terence
  2169 | D:2      | Reached skill level 6 in Long Blades
  2169 | D:2      | Reached XP level 4. HP: 27/33 MP: 4/4
  2891 | D:2      | You fall into a shaft and drop 2 floors!
  3082 | D:4      | Noticed Menkaure
  3092 | D:4      | Noticed Grinder
  3097 | D:4      | Noticed Pikel
  3106 | D:4      | Noticed a lemure
  3107 | D:4      | Noticed a lemure
  3108 | D:4      | Noticed a lemure
  3109 | D:4      | Noticed a phantom
  3117 | D:4      | HP: 1/33 [phantom (2)]
  3119 | D:5      | Entered Level 5 of the Dungeon
  3120 | D:5      | Mangled by a phantom

Illustrated notes

Levels and vault maps discovered:
D:1:      ldierk_water_garden, layout_rooms,
          shapermc_ecumenical_altar_hornbeckon, chequers_serial_rivers_small_b,
          glass_columns_a
D:2:      minmay_inner_zag, layout_loops_ring, uniq_terence
D:4:      layout_basic, gammafunk_ghost_arena, grunt_decor_one_mirror,
          uniq_grinder, uniq_menkaure, uniq_pikel
D:5:      layout_basic, mainiacjoe_overflow_alcove_2

Skill      XL: |  1  2  3 |
---------------+----------+-----
Long Blades    | 4 6 |  6.5
Fighting       | |  2.1
Throwing       | |  2.0
Dodging        | |  4.0

Action                   |  1- 3 |  4- 6 || total
-------------------------+-------+-------++-------
Melee: Long sword        |    82 |    43 ||   125
       Short sword       |    25 |       ||    25
       Punch             |     1 |       ||     1
Throw: Throwing net      |     1 |     2 ||     3
  Use: Scroll            |     3 |     1 ||     4
       Potion            |     2 |     1 ||     3
 Stab: Sleeping          |     4 |       ||     4
Armor: Leather armour    |    38 |    16 ||    54
Dodge: Dodged            |    87 |    40 ||   127
Block: Other             |       |     3 ||     3
